 Dungeon Crawl Stone Soup version 0.27-a0-828-g8289197e94 (webtiles) character file.

Game seed: 17990235224838046153

681 robertstho the Chopper (level 7, 0/94 HPs)
             Began as a Minotaur Berserker on Mar 30, 2021.
             Was a Priest of Trog.
             Killed from afar by Ijyb (15 damage)
             ... with a bolt of acid
             ... on level 5 of the Dungeon.
             The game lasted 00:03:25 (4037 turns).

robertstho the Chopper (Minotaur Berserker)         Turns: 4037, Time: 00:03:26

Health: 0/94       AC:  7    Str: 22    XL:     7   Next: 34%
Magic:  6/6        EV:  9    Int:  5    God:    Trog [***...]
Gold:   171        SH:  0    Dex: 10    Spells: 6/6 levels left

rFire    . . .     SeeInvis .   b - +0 war axe
rCold    . . .     Faith    .   (no shield)
rNeg     . . .     Spirit   .   o - +0 chain mail
rPois    .         Reflect  .   (helmet restricted)
rElec    .         Harm     .   (no cloak)
rCorr    .         Rampage  .   f - +0 pair of gloves
Will     .....                  (no boots)
Stlth    ..........             (no amulet)
HPRegen  0.25/turn              (no ring)
MPRegen  0.10/turn              (no ring)

@: berserking, corroded, very quick
A: horns 2, retaliatory headbutt
a: Renounce Religion, Berserk, Trog's Hand


You were on level 5 of the Dungeon.
You worshipped Trog.
Trog was most pleased with you.
You visited 1 branch of the dungeon, and saw 5 of its levels.

You collected 171 gold pieces.

Inventory:

Hand Weapons
 b - a +0 war axe (weapon)
Armour
 f - a +0 pair of gloves (worn)
 o - a +0 chain mail (worn)
Wands
 h - a wand of mindburst (34)
 m - a wand of polymorph (6)
 n - a wand of iceblast (5)
 q - a wand of acid (9)
Scrolls
 c - 4 scrolls of identify {unknown}
 e - a scroll of teleportation {unknown}
 i - 3 scrolls of fear {unknown}
 k - a scroll of immolation {unknown}
 p - a scroll of enchant weapon {unknown}
Potions
 a - a potion of attraction {unknown}
 d - a potion of lignification {unknown}
 g - a potion of cancellation {unknown}
 j - 3 potions of might {unknown}
 l - 3 potions of curing {unknown}


   Skills:
 * Level 6.1 Fighting
 + Level 6.7 Axes
 * Level 5.8 Armour
 + Level 3.4 Dodging


You had 6 spell levels left.
You didn't know any spells.
Your spell library was empty.

Dungeon Overview and Level Annotations

Branches:
Dungeon (5/15)
 Temple: D:4-7

Altars:
Ashenzari
Dithmenos
Kikubaaqudgha
Nemelex Xobeh
Qazlal
Sif Muna
Trog
Uskayaw
Zin

Annotations:
D:5 Ijyb


Innate Abilities, Weirdness & Mutations

You have a pair of horns on your head.
You reflexively headbutt those who attack you in melee.


Message History

The bolt of acid hits you!
You are splashed with acid!
* * * LOW HITPOINT WARNING * * *
You are too injured to fight recklessly!
A red film seems to cover your vision as you go berserk!
You feel yourself moving faster!
You feel mighty! The black bear bites you.
* * * LOW HITPOINT WARNING * * *
The black bear barely misses you.
The black bear claws you but does no damage.
Ijyb closely misses you.
You barely miss Ijyb.
Ijyb is moderately wounded.
You closely miss the black bear.
The black bear bites you but does no damage.
The black bear claws you.
* * * LOW HITPOINT WARNING * * *
The black bear claws you.
* * * LOW HITPOINT WARNING * * *
Ijyb hits you but does no damage.
You closely miss Ijyb. Your headbutt misses Ijyb.
Ijyb is moderately wounded.
You barely miss the black bear. The black bear bites you.
* * * LOW HITPOINT WARNING * * *
The black bear claws you but does no damage.
The black bear claws you.
* * * LOW HITPOINT WARNING * * *
Ijyb zaps a wand.
The bolt of acid misses you.
You slash Ijyb! Your headbutt misses Ijyb.
Ijyb is heavily wounded.
You hit the black bear. The black bear barely misses you.
The black bear claws you but does no damage. x2
Ijyb drinks a potion.
Ijyb is healed!
You barely miss Ijyb. You headbutt Ijyb!
Ijyb is heavily wounded.
You hit the black bear.
You kill the black bear!
Trog accepts your kill.
You closely miss Ijyb. Your headbutt misses Ijyb.
Ijyb is heavily wounded.
You slash the centaur skeleton!
Ijyb zaps a wand.
The bolt of acid hits you!
You die...

.(.. #...# #...#
#...#
.#######...####.
................
......g.......(.
......Z@........
.#######...#...
#...# ### #...#
.. ##(###...# ..
#........# #.
##.###...###.
#.#.#...#..
#..#.####.# #


You could see Ijyb and a centaur skeleton.

Vanquished Creatures
  Eustachio (D:4)
  A black bear (D:5)
  An ogre (D:4)
  2 scorpions (D:4)
  An orc priest (D:3)
  2 hounds (D:4)
  A jelly (D:4)
  Jessica (D:2)
  2 adders
  2 dart slugs
  8 orcs
  11 endoplasms
  2 giant cockroaches
  4 hobgoblins
  12 jackals
  6 kobolds
  2 quokkas
  2 ball pythons
  4 bats
  2 frilled lizards (D:1)
  4 goblins
  6 rats
77 creatures vanquished.

Notes
Turn   | Place    | Note
-------+----------+-------------------------------------------
     0 | D:1      | robertstho the Minotaur Berserker began the quest for the
                  | Orb.
     0 | D:1      | Reached XP level 1. HP: 19/19 MP: 0/0
   214 | D:1      | Reached XP level 2. HP: 19/27 MP: 1/1
   859 | D:1      | Reached XP level 3. HP: 29/34 MP: 2/2
  1347 | D:2      | Reached ** piety under Trog
  1910 | D:2      | Found a shimmering blue altar of Sif Muna.
  1910 | D:2      | Found an ancient bone altar of Kikubaaqudgha.
  1910 | D:2      | Found a glowing silver altar of Zin.
  1911 | D:2      | Found a bloodstained altar of Trog.
  1912 | D:2      | Found a stormy altar of Qazlal.
  1913 | D:2      | Found a shadowy altar of Dithmenos.
  1913 | D:2      | Found a hide-covered altar of Uskayaw.
  1914 | D:2      | Found a broken altar of Ashenzari.
  2248 | D:2      | Noticed Jessica
  2255 | D:2      | Killed Jessica
  2256 | D:2      | Reached XP level 4. HP: 27/41 MP: 3/3
  2759 | D:3      | Found a sparkling altar of Nemelex Xobeh.
  3108 | D:4      | Reached skill level 5 in Fighting
  3108 | D:4      | Reached skill level 5 in Axes
  3108 | D:4      | Reached XP level 5. HP: 38/48 MP: 4/4
  3430 | D:4      | Reached *** piety under Trog
  3489 | D:4      | Reached XP level 6. HP: 51/56 MP: 5/5
  3581 | D:4      | Noticed Eustachio
  3592 | D:4      | Killed Eustachio
  3761 | D:4      | Reached skill level 5 in Armour
  3761 | D:4      | Reached XP level 7. HP: 59/62 MP: 6/6
  3977 | D:5      | Entered Level 5 of the Dungeon
  4027 | D:5      | Noticed Ijyb
  4037 | D:5      | Killed from afar by Ijyb

Illustrated notes

Levels and vault maps discovered:
D:1:      dpeg_arrival_arbitrary_a, layout_basic
D:2:      layout_loops_corners, grunt_temple_overflow_open, uniq_jessica
D:3:      layout_rooms, overflow_temple_1_default
D:4:      layout_basic, uniq_eustachio
D:5:      layout_loops_cross, basic_altar, uniq_ijyb, uniq_duvessa

Skill      XL: |  1  2  3  4  5  6  7 |
---------------+----------------------+-----
Fighting       | 4 5 6 |  6.1
Axes           | 4 5 6 |  6.7
Armour         | 3 4 5 |  5.8
Dodging        | 3 |  3.4

Action                   |  1- 3 |  4- 6 |  7- 9 || total
-------------------------+-------+-------+-------++-------
Melee: Hand axe          |    75 |       |       ||    75
       Headbutt          |    15 |    11 |     3 ||    29
       War axe           |    11 |    61 |    19 ||    91
Invok: Berserk           |     1 |     2 |     1 ||     4
 Stab: Sleeping          |     1 |       |       ||     1
Armor: Animal skin       |    19 |       |       ||    19
       Ring mail         |     5 |    12 |       ||    17
       Chain mail        |       |       |    15 ||    15
Dodge: Dodged            |    70 |    24 |    11 ||   105

Table legend: (Time is in decaauts)
 A = Elapsed time spent in this place.
 B = Non-inter-level travel time spent in this place.
 C = Inter-level travel time spent in this place.
 D = Time resting spent in this place.
 E = Time spent auto-exploring this place.
 F = Levels seen in this place.
 G = Mean time per level.
                   A        B        C        D        E       F      G
               +--------+--------+--------+--------+--------+-----+--------+
         Total |   4098 |   3996 |    102 |    309 |   3215 |   5 |  819.6 |
       Dungeon |   4098 |   3996 |    102 |    309 |   3215 |   5 |  819.6 |
               +--------+--------+--------+--------+--------+-----+--------+

Top non-repeatable levels by time:
     D:1: 1339 daAuts
     D:2: 1256 daAuts
     D:4: 920 daAuts
     D:3: 523 daAuts
     D:5: 59 daAuts
